 Dungeon Crawl Stone Soup version 0.20.0-15-g7f486f2 (webtiles) character file.

27 greprep the Sneak (level 2, -13/13 HPs)
             Began as a Spriggan Enchanter on June 14, 2017.
             Mangled by Sigmund
             ... wielding a +0 scythe
              (15 damage)
             ... on level 2 of the Dungeon.
             The game lasted 00:02:11 (1256 turns).

greprep the Sneak (Spriggan Enchanter)              Turns: 1256, Time: 00:02:18

Health: -13/13     AC:  2    Str:  2 (4)  XL:     2   Next: 93%
Magic:  1/6        EV: 18    Int: 15 (16) God:
Gold:   125        SH:  0    Dex: 13 (16) Spells: 3/6 levels left

rFire    . . .     SeeInvis +   l - +0 dagger (venom)
rCold    . . .     Gourm    .   (shield restricted)
rNeg     . . .     Faith    .   b - +0 robe
rPois    .         Spirit   .   (helmet restricted)
rElec    .         Reflect  .   (no cloak)
rCorr    .         Harm     .   (gloves unavailable)
MR       .....                  (boots unavailable)
Stlth    +++.......             (no amulet)
Regen    0.1/turn               (no ring)
MPRegen  0.1/turn               (no ring)

@: very slightly contaminated, very quick
A: unfitting armour, see invisible, herbivore 3, speed 3, slow metabolism 2
a: no special abilities


You were on level 2 of the Dungeon.
You were not hungry.

You visited 1 branch of the dungeon, and saw 2 of its levels.

You collected 125 gold pieces.

Inventory:

Hand Weapons
 a - a +1 dagger
 l - a +0 dagger of venom (weapon)
Armour
 b - a +0 robe (worn)
Scrolls
 e - 2 scrolls of remove curse {unknown}
 j - a scroll of magic mapping {unknown}
 m - a scroll of enchant weapon {unknown}
 o - a scroll of identify {unknown}
Potions
 h - a potion of agility {unknown}
 i - a potion of heal wounds {unknown}
 k - a potion of flight {unknown}
 n - a potion of curing {unknown}
 p - a potion of resistance {unknown}
Books
 c - a book of Maledictions

   Spells                             Type                      Level
   a - Corona                         Hexes                        1
   b - Ensorcelled Hibernation        Hexes/Ice                    2
   c - Confuse                        Hexes                        3
   d - Tukima's Dance                 Hexes                        3
   e - Dazzling Spray                 Conjuration/Hexes            3
Comestibles
 d - 2 bread rations
 f - a royal jelly


   Skills:
 + Level 1.2 Short Blades
 + Level 3.5 Dodging
 + Level 5.0 Stealth
 + Level 2.9 Spellcasting
 + Level 4.1 Hexes
 + Level 0.1 Ice Magic


You had 3 spell levels left.
You knew the following spells:

 Your Spells              Type           Power        Failure   Level  Hunger
a - Corona                Hex            ##.....      3%          1    #......
b - Ensorcelled Hibernat  Hex/Ice        #.....       13%         2    ##.....


Dungeon Overview and Level Annotations

Branches:
Dungeon (2/15)

Altars:

Annotations:
D:2 Sigmund


Innate Abilities, Weirdness & Mutations

You are very small and have problems with some larger weapons.
You are too small for most types of armour.
You have supernaturally acute eyesight. (SInv)
You are a herbivore.
You cover ground extremely quickly.
You need consume almost no food.


Message History

You are confused.
You're too confused to cast spells.
Unknown command.
You bump into the rock wall.
Sigmund completely misses you. Sigmund misses you.
You see here a hobgoblin corpse.
You're too confused to move!
You closely miss Sigmund. Sigmund hits you with a scythe!
Ouch! That really hurt!
* * * LOW HITPOINT WARNING * * *
You hit Sigmund but do no damage.
Sigmund is poisoned.
Sigmund misses you.
You hit Sigmund.
Sigmund is lightly wounded.
It was a potion of degeneration.
There was something very wrong with that liquid.
You feel weakened.
You feel dopey.
You feel clumsy.
You feel less confused. Sigmund hits you with a scythe!
Ouch! That really hurt!
You die...

## .## ..# #
..# #. ##..#
##.### #...#
!....######@#.#
#......†@..#
#....###.###
###.###....#
#.#
..(.......##
#.# ########..#
#.# #..# #.# #
#..####.### #
#..##.....


You could see Sigmund (invisible).

Vanquished Creatures
  A dart slug (D:1)
  A leopard gecko (D:1)
  2 bats (D:1)
  A giant cockroach (D:1)
  4 goblins (D:1)
  3 hobgoblins
  A ball python (D:1)
  4 kobolds
  5 rats
22 creatures vanquished.

Notes
Turn   | Place    | Note
-------+----------+-------------------------------------------
     0 | D:1      | greprep the Spriggan Enchanter began the quest for the Orb.
     0 | D:1      | Reached XP level 1. HP: 9/9 MP: 5/5
   281 | D:1      | Reached XP level 2. HP: 13/13 MP: 6/6
   294 | D:1      | Learned a level 2 spell: Ensorcelled Hibernation
  1217 | D:2      | Reached skill level 5 in Stealth
  1238 | D:2      | Noticed Sigmund
  1256 | D:2      | Mangled by Sigmund

Skill      XL: |  1  2 |
---------------+-------+-----
Hexes          | 4 |  4.1
Stealth        | 5 |  5.0
Short Blades   | |  1.2
Dodging        | |  3.5
Spellcasting   | |  2.9
Ice Magic      | |  0.1

Action                   || total
-------------------------++-------
Melee: Dagger            ||    98
 Cast: Corona            ||     1
       Ensorcelled Hiber ||     6
  Use: Potion            ||     1
 Stab: Sleeping          ||    10
Armor: Robe              ||     7
Dodge: Dodged            ||    82
